 Dungeon Crawl Stone Soup version 0.30-a0-1102-g2dbb833546 (console) character file.

Game seed: 10956690786375075281

203 Kenran the Cleaver (level 5, -2/46 HPs)
             Began as a Hill Orc Chaos Knight on Apr 18, 2023.
             Was a Plaything of Xom.
             Killed from afar by an orc wizard (4 damage)
             ... with a magic dart
             ... on level 4 of the Dungeon.
             The game lasted 00:07:06 (2660 turns).

Kenran the Cleaver (Hill Orc Chaos Knight)          Turns: 2660, Time: 00:07:07

Health: -2/46      AC:  6    Str: 17    XL:     5   Next: 81%
Magic:  5/5        EV: 11    Int: 12    God:    Xom [.*....]
Gold:   158        SH:  0    Dex: 10    Spells: 4/4 levels left

rFire   + . .      SeeInvis .    a - +0 hand axe (chaos)
rCold   . . .      Faith    .    (no shield)
rNeg    . . .      Spirit   .    b - +2 leather armour
rPois   .          Reflect  .    q - +0 helmet
rElec   .          Rampage  .    (no cloak)
rCorr   .                        (no gloves)
Will    .....                    (no boots)
Stlth   +                        (no amulet)
HPRegen 0.27/turn                m - ring of protection from fire
MPRegen 0.09/turn                (no ring)

@: lethally poisoned (-2 -> -23), attractive
A: no striking features
a: Renounce Religion, Convert to Beogh


You were on level 4 of the Dungeon.
You worshipped Xom.
You were a plaything of Xom.
You visited 1 branch of the dungeon, and saw 4 of its levels.

You collected 158 gold pieces.

Inventory:

Hand Weapons
 a - a +0 hand axe of chaos (weapon)
Missiles
 j - 14 poisoned darts
Armour
 b - a +2 leather armour (worn)
 q - a +0 helmet (worn)
Jewellery
 m - a ring of protection from fire (left hand)
Scrolls
 e - a scroll of enchant weapon
 f - a scroll of amnesia {unknown}
 h - a scroll of fog
 n - a scroll of silence {unknown}
 p - a scroll of fear {unknown}
Potions
 d - a potion of berserk rage {unknown}
 g - a potion of attraction {!q}
 i - a potion of heal wounds {unknown}
 k - a potion of resistance {unknown}
 l - 3 potions of haste {unknown}
 o - 2 potions of flight {unknown}
Miscellaneous
 c - a piece from Xom's chessboard (15/15) (quivered)


   Skills:
 + Level 3.7 Fighting
 * Level 8.3 Axes
 - Level 2.1 Armour
 - Level 0.7 Dodging


You had 4 spell levels left.
You didn't know any spells.
Your spell library was empty.

Dungeon Overview and Level Annotations

Branches:
Dungeon (4/15)
 Temple: D:4-7

Altars:
Dithmenos


Message History

The orc wizard gestures wildly while chanting.
The orc wizard flickers and vanishes!
Deactivating autopickup; reactivate with Ctrl-A.
The orc priest mumbles some strange prayers to Beogh against you.
You barely resist.
The orc priest hits you with a +0 war axe!
The orc wizard hits you but does no damage.
The scorpion misses you.
The orc priest shouts, "Beogh is our master!
Accept the truth or die!"
You slash the orc priest!
The orc priest is heavily wounded.
You hit the orc priest but do no damage.
The orc priest shouts, "Join the one true god or die!"
You hit the scorpion. You freeze the scorpion.
You hit the orc wizard but do no damage.
The orc wizard suddenly seems more resistant.
The scorpion stings you.
You are poisoned.
The scorpion poisons you! The orc priest misses you.
The orc priest calls down the wrath of Beogh upon you.
Pain shoots through your body!
* * * LOW HITPOINT WARNING * * *
The orc wizard barely misses you.
It was a potion of attraction.
You feel attractive to monsters.
* * * LOW HITPOINT WARNING * * *
You feel very sick. The scorpion stings you.
* * * LOW HITPOINT WARNING * * *
You are more poisoned.
The scorpion poisons you!
You hear some strange, mumbled words.
A puff of flame appears from out of thin air!
The puff of flame hits you. You resist.
* * * LOW HITPOINT WARNING * * *
The orc priest hits you but does no damage.
The orc wizard points at you and mumbles some strange words.
The magic dart hits you.
You die...
Xom thinks this is hilarious!

###### #.....
#..... #.....
#....o###+#####
#....o@........#
#....so........#
#.......{......#
+.......Z......#
#..............#
#....######.$..#
...... #....#
...... #....#
#....#
#####.Z..#
######...#....#
#


You could see a scorpion, 2 orc priests, an orc wizard (resistant, poisoned,
ally target) and a friendly adder zombie.

Vanquished Creatures
  A phantom (D:3)
  Jessica (D:2)
  Terence (D:2)
  Robin (D:2)
  2 adders
  A dart slug (D:4)
  7 ball pythons
  3 bats (D:1)
  4 endoplasms
  A giant cockroach (D:1)
  10 goblins
  5 hobgoblins
  3 quokkas
  3 frilled lizards
  2 kobolds (D:3)
  4 rats
49 creatures vanquished.

Notes
Turn   | Place    | Note
-------+----------+-------------------------------------------
     0 | D:1      | Kenran the Hill Orc Chaos Knight began the quest for the
                  | Orb.
     0 | D:1      | Reached XP level 1. HP: 19/19 MP: 1/1
   121 | D:1      | Reached XP level 2. HP: 26/26 MP: 2/2
   152 | D:1      | XOM: divination: detect items
   222 | D:1      | Reached skill level 5 in Axes
   344 | D:1      | XOM: silly message
   542 | D:1      | XOM: god gift: lumpy pink potion {god gift}
   802 | D:2      | Identified the +0 scale mail of Ota Fate {Int+4 Dex+4}
   915 | D:2      | XOM: smoke on damage
   921 | D:2      | Reached XP level 3. HP: 18/31 MP: 3/3
  1023 | D:2      | Noticed Terence
  1031 | D:2      | Killed Terence
  1032 | D:2      | Reached skill level 6 in Axes
  1152 | D:2      | Noticed Robin
  1158 | D:2      | Reached XP level 4. HP: 39/39 MP: 4/4
  1172 | D:2      | Killed Robin
  1330 | D:2      | XOM: 2-stop teleportation journey
  1539 | D:2      | XOM: divination: magic mapping
  1550 | D:2      | Noticed Jessica
  1554 | D:2      | Killed Jessica
  1555 | D:2      | Reached skill level 7 in Axes
  1767 | D:3      | Reached XP level 5. HP: 45/45 MP: 5/5
  1893 | D:3      | XOM: 4-stop teleportation journey
  1947 | D:3      | XOM: 2-stop teleportation journey
  2284 | D:3      | Noticed a phantom
  2293 | D:3      | XOM: fog
  2310 | D:3      | Killed a phantom
  2311 | D:3      | Reached skill level 8 in Axes
  2343 | D:3      | XOM: silly message
  2537 | D:4      | Found a shadowy altar of Dithmenos.
  2652 | D:4      | XOM: swap monsters
  2660 | D:4      | HP: 2/46 [something/puff of flame (4)]
  2660 | D:4      | Killed from afar by an orc wizard

Illustrated notes

Levels and vault maps discovered:
D:1:      tarquinn_simple_flora_water_b, layout_loops_ring
D:2:      layout_loops_ring, uniq_terence, uniq_jessica, uniq_robin
D:3:      layout_loops_corners
D:4:      layout_gridville, nicolae_dithmenos_through_a_glass_darkly,
          temple_doors_cd

Skill      XL: |  1  2  3  4  5 |
---------------+----------------+-----
Axes           | 5 6 7 8 |  8.3
Fighting       | |  3.7
Armour         | |  2.1
Dodging        | |  0.7

Action                     |  1- 3 |  4- 6 || total
---------------------------+-------+-------++-------
  Melee: Hand axe          |    75 |    91 ||   166
  Throw: Dart              |     2 |       ||     2
  Evoke: Piece from Xom's  |       |     1 ||     1
    Use: Scroll            |       |     3 ||     3
         Potion            |       |     1 ||     1
   Stab: Sleeping          |     1 |       ||     1
         Confused          |       |     3 ||     3
 Armour: Leather armour    |    30 |    27 ||    57
  Dodge: Dodged            |    40 |    49 ||    89

Table legend: (Time is in decaauts)
 A = Elapsed time spent in this place.
 B = Non-inter-level travel time spent in this place.
 C = Inter-level travel time spent in this place.
 D = Time resting spent in this place.
 E = Time spent auto-exploring this place.
 F = Levels seen in this place.
 G = Mean time per level.
                   A        B        C        D        E       F      G
               +--------+--------+--------+--------+--------+-----+--------+
         Total |   2656 |   2582 |     74 |    102 |   1637 |   4 |  664.0 |
       Dungeon |   2656 |   2582 |     74 |    102 |   1637 |   4 |  664.0 |
               +--------+--------+--------+--------+--------+-----+--------+

Top non-repeatable levels by time:
     D:2: 898 daAuts
     D:1: 795 daAuts
     D:3: 751 daAuts
     D:4: 210 daAuts
